 Dungeon Crawl Stone Soup version 0.31-a0-636-ge1c0e020e0 (webtiles) character file.

Game seed: 5202383964987919839

786332 turgid the Invulnerable (level 27, -8/273 HPs)
             Began as a Minotaur Berserker on Aug 26, 2023.
             Was a High Priest of Trog.
             Killed by divine providence
             ... invoked by a balrug
              (9 damage)
             ... on level 23 of a ziggurat.
             The game lasted 02:55:12 (89270 turns).

turgid the Invulnerable (Minotaur Berserker)       Turns: 89270, Time: 02:55:14

Health: -8/273     AC: 51    Str: 34    XL:     27
Magic:  0/31       EV: 14    Int: 10    God:    Trog [*****.]
Gold:   5059       SH: 29    Dex:  8    Spells: 26/26 levels left

rFire   + + +        K - +6 shillelagh "Devastator" {shatter}
rCold   + + +        p - +5 kite shield {reflect}
rNeg    + . .        D - +12 gold dragon scales
rPois   +            v - +0 mask of the Dragon {Will+ Slay+3 SInv}
rElec   +            t - +2 cloak
rCorr   +            d - +1 pair of gloves of Eshir {rCorr SInv}
SInv    +            c - +3 pair of seven-league boots {Rampage+∞}
Will    +++++        h - brooch of Shielding {Spirit SH+8} Stlth
                     m - ring "Fusmel" {rElec rC++ rN+ Int+6}
HPRegen 0.65/turn    z - ring "Qoliqib" {Drain rF+ rC+ Will++ MP+9}
MPRegen 0.22/turn

%: reflection, clarity, guardian spirit, rampage+∞
@: magic-sapped, studying 6 skills
A: horns 2, retaliatory headbutt, clarity, clumsy 1, fire resistance 1,
screaming 1, weak 1, wild magic 1, devolution 1
}: 7/15 runes: barnacled, slimy, silver, abyssal, demonic, dark, gossamer
a: Renounce Religion, Berserk, Trog's Hand, Brothers in Arms


You were on level 23 of a ziggurat.
You worshipped Trog.
Trog was extremely pleased with you.
You visited 10 branches of the dungeon, and saw 48 of its levels.
You visited Pandemonium 1 time, and saw 8 of its levels.
You visited the Abyss 2 times.
You visited 1 bazaar.
You visited 1 ziggurat, and saw 23 of its levels.
You also visited: Sewer, Bailey, Wizlab and Desolation.

You collected 10625 gold pieces.
You spent 5566 gold pieces at shops.

Inventory:

Hand Weapons
 H - the +10 morningstar "Bism" {antimagic, *Rage rN+++ rCorr Str+4}
   (Trog gifted it to you in the Vestibule of Hell)

   Str+4:     It affects your strength (+4).
   rN+++:     It renders you almost immune to negative energy.
   *Rage:     It berserks you when you make melee attacks (+20% chance).
   rCorr:     It protects you from acid and corrosion.
 K - the +6 shillelagh "Devastator" (weapon) {shatter}
   (You acquired it in a bailey)
 R - a +9 antimagic eveningstar
 V - the +8 storm bow {elec, penet}
   (You found it on level 11 of a ziggurat)
Armour
 c - the +3 pair of seven-league boots (worn) {Rampage+∞}
   (You bought it in a shop in a bazaar)

   Rampage+∞: When moving toward enemies, its wearer moves as far as possible,
   alerting their target en route.
 d - the +1 pair of gloves of Eshir (worn) {rCorr SInv}
   (You bought it in a shop on level 2 of the Orcish Mines)

   SInv:      It lets you see invisible.
   rCorr:     It protects you from acid and corrosion.
 p - a +5 kite shield of reflection (worn)
 t - a +2 cloak (worn)
 v - the +0 mask of the Dragon (worn) {Will+ Slay+3 SInv}
   (You found it on level 5 of the Pits of Slime)

   Slay+3:    It affects your accuracy & damage with ranged weapons and melee
   (+3).
   Will+:     It increases your willpower.
   SInv:      It lets you see invisible.
 D - +12 gold dragon scales (worn)
Jewellery
 h - the brooch of Shielding (around neck) {Spirit SH+8}
   (You found it on level 4 of the Lair of Beasts)

   [amulet of guardian spirit]

   Spirit:    It causes incoming damage to be divided between your reserves of
   health and magic.
   SH+8:      It affects your SH (+8).
 m - the ring "Fusmel" (left hand) {rElec rC++ rN+ Int+6}
   (You acquired it on level 5 of the Vaults)

   [ring of intelligence]

   Int+6:     It affects your intelligence (+6).
   rC++:      It greatly protects you from cold.
   rElec:     It insulates you from electricity.
   rN+:       It protects you from negative energy.
 o - the ring of Tauthyme {rElec rF+ Will+++ Str-5 Dex+3}
   (You found it on level 16 of a ziggurat)

   [ring of protection from fire]

   Str-5:     It affects your strength (-5).
   Dex+3:     It affects your dexterity (+3).
   rF+:       It protects you from fire.
   rElec:     It insulates you from electricity.
   Will+++:   It greatly increases your willpower.
 s - the amulet of Ytega {Acrobat rC+ Will- rCorr Str+2}
   (You found it on level 12 of the Dungeon)

   [amulet of the acrobat]

   Acrobat:   It increases your evasion while moving and waiting.
   Str+2:     It affects your strength (+2).
   rC+:       It protects you from cold.
   Will-:     It decreases your willpower.
   rCorr:     It protects you from acid and corrosion.
 w - the ring of Hecwaa Heam {rElec rC+}
   (You found it in a wizard's laboratory)

   [ring of protection from cold]

   rC+:       It protects you from cold.
   rElec:     It insulates you from electricity.
 z - the ring "Qoliqib" (right hand) {Drain rF+ rC+ Will++ MP+9}
   (You took it off a deep elf death mage on level 3 of the Elven Halls)

   [ring of protection from cold]

   rF+:       It protects you from fire.
   rC+:       It protects you from cold.
   Will++:    It greatly increases your willpower.
   MP+9:      It affects your magic capacity (+9).
   Drain:     It drains your maximum health when unequipped.
 G - the amulet of Naviopp {Reflect Str+2 SH+5}
   (You found it on level 7 of a ziggurat)

   [amulet of reflection]

   Reflect:   It reflects blocked missile attacks.
   Str+2:     It affects your strength (+2).
   SH+5:      It affects your SH (+5).
 T - the ring "Paajet" {rC+ rCorr Str+3 Dex-2}
   (You found it on level 9 of a ziggurat)

   [ring of resist corrosion]

   Str+3:     It affects your strength (+3).
   Dex-2:     It affects your dexterity (-2).
   rC+:       It protects you from cold.
   rCorr:     It protects you from acid and corrosion.
 X - the ring of Xiucruess {rN+ Will+ Str+6 Stlth-}
   (You found it on level 12 of a ziggurat)

   [ring of strength]

   Str+6:     It affects your strength (+6).
   rN+:       It protects you from negative energy.
   Will+:     It increases your willpower.
   Stlth-:    It makes you less stealthy.
 Y - the amulet of Vitality {RegenMP++ Regen++}
   (You found it on level 12 of a ziggurat)

   [amulet of magic regeneration]

   RegenMP:   It increases your rate of magic regeneration.
   Regen++:   It increases your rate of health regeneration.
 Z - the ring of Oxtimoib {AC+4 Str+5}
   (You found it in a wizard's laboratory)

   [ring of protection]

   AC+4:      It affects your AC (+4).
   Str+5:     It affects your strength (+5).
Wands
 y - a wand of mindburst (51)
 E - a wand of roots (104) (quivered)
 L - a wand of acid (6)
 M - a wand of paralysis (71)
 Q - a wand of flame (198)
 W - a wand of digging (47)
Scrolls
 f - 8 scrolls of enchant weapon
 l - 2 scrolls of teleportation
 q - 12 scrolls of fear
 B - 3 scrolls of enchant armour
 C - 3 scrolls of silence
 F - 10 scrolls of butterflies
 I - 11 scrolls of fog
 O - 8 scrolls of poison
 S - 4 scrolls of revelation
Potions
 a - 8 potions of resistance
 g - 13 potions of curing
 i - 7 potions of cancellation
 k - 4 potions of ambrosia
 n - 9 potions of haste
 r - 4 potions of magic
 u - 9 potions of enlightenment
 x - 13 potions of might
 P - 14 potions of mutation
 U - a potion of invisibility
Miscellaneous
 b - a tin of tremorstones (2/2)
 j - the horn of Geryon (inert)
 A - a phantom mirror
 N - a lightning rod (4/4)


   Skills:
 O Level 27 Fighting
 O Level 27 Maces & Flails
 O Level 27 Armour
 + Level 25.6 Dodging
 + Level 26.1 Shields
 + Level 20.8 Evocations


You had 26 spell levels left.
You didn't know any spells.
Your spell library was empty.

Dungeon Overview and Level Annotations

Branches:
Dungeon (15/15)            Temple (0/1) D:6            Lair (5/5) D:10
 Shoals (4/4) Lair:2       Spider (4/4) Lair:2        Slime (5/5) Lair:5
    Orc (2/2) D:12            Elf (3/3) Orc:2        Vaults (5/5) D:13
  Crypt (0/3) Vaults:2     Depths (4/4) D:15           Hell (visited)
    Dis (0/7) Hell            Geh (0/7) Hell            Coc (0/7) Hell
    Tar (0/7) Hell            Zot (0/5) Depths:4      Sewer (visited)
 Bailey (visited)          WizLab (visited)         Desolation (visited)

Altars:
Ashenzari
Cheibriados
Dithmenos
Elyvilon
Fedhas
Gozag
Kikubaaqudgha
Okawaru
Ru
Trog
Vehumet
Wu Jian
Zin
Jiyva

Shops:
D:3 [*   D:5 *=?   D:9 *(   D:14 [   D:15 (!:(   Orc:1 ?   Orc:2 ([[?   Elf:3 :
Shoals:3 *   Vaults:1 *   Depths:1 *

Portals:
Hell: Depths:1 Depths:2 Depths:3 Depths:4
Abyss: Depths:2 Depths:3
Pandemonium: Depths:2 Depths:4

Annotations:
Shoals:3 1 runed translucent door, thirtiethelement's ghost, adept DsSh


Innate Abilities, Weirdness & Mutations

You have a pair of horns on your head.
You reflexively headbutt those who attack you in melee.
You possess an exceptional clarity of mind.
You are clumsy. (Dex -2)
Your flesh is heat resistant. (rF+)
You occasionally shout uncontrollably at your foes.
You are weak. (Str -2)
Your spells are a little harder to cast, but a little more powerful.
You have hidden genetic defects.


Message History

A demonspawn corrupter and a hellwing come into view.
The demonspawn corrupter is wielding a +0 demon blade and wearing a +2 scale mail of poison resistance.
The hellwing gives a chilling moan.
You hear a chilling moan.
You block the Executioner's attack. x2
The Executioner hits you but does no damage.
A Brimstone Fiend comes into view.
The Executioner hits you!
* * * LOW HITPOINT WARNING * * *
The Executioner hits you but does no damage.
You block the Executioner's attack. The Ice Fiend gestures at you.
The bolt of cold misses you. The green death gestures at you.
The bolt of poison hits you! You resist.
* * * LOW HITPOINT WARNING * * *
You see here a staff of conjuration.
You block the Executioner's attack.
The Executioner hits you but does no damage.
You block the Executioner's attack. x3
The Executioner hits you but does no damage.
The cacodemon hits you but does no damage. x2
The Ice Fiend gestures at you.
The bolt of cold hits you but does no damage.
You see here the +3 great sword of Ryq Dinluzikk {freeze, rPois}.
The Executioner attacks as it pursues you!
You block the Executioner's attack. The Executioner hits you.
* * * LOW HITPOINT WARNING * * *
You block the Executioner's attack.
The Executioner hits you but does no damage. x3
The balrug gestures at you. The sticky flame misses you.
There is a stone staircase leading down here.
You see here the +4 demon trident of Ru's Scorn {freeze, Str+3}.
Your skin stops crawling.
You feel less strong-willed. You block the Executioner's attack.
The Executioner hits you but does no damage.
You block the Executioner's attack. The balrug gestures at you.
Something smites you!
You die...

.........▓
..........▓▓
.2..........▓
......1......▓
.......64([|[▓
.6...51..[[)[▓
..3.....":)2[▓▓
........2)2@|)▓
.........|1∩|▓▓
........2:[|)▓
..............)!$!▓
.5.........2......▓
.5........56......▓
.5...............▓▓
.................▓
........#.#.....▓▓


You could see a Brimstone Fiend, an Ice Fiend, a cacodemon, a demonspawn
corrupter, a demonspawn black sun (black mark), a balrug (black mark), 2 green
deaths, an Executioner (fast), a shadow demon, a hellwing and 2 ufetubi.

Vanquished Creatures
  the Royal Jelly (Slime:5)
  Gloorx Vloq (Pan)
  Mara (Depths:2)
  2 orbs of fire (Zig:7)
  An ancient lich (Zig:15)
  4 pandemonium lords (Pan)
  11 juggernauts
  Vv (Depths:2)
  Bai Suzhen (Shoals:3)
  2 Killer Klowns (Zig:6)
  Margery (Vaults:4)
  Frederick (Vaults:4)
  4 caustic shrikes (Depths:3)
  2 shard shrikes (Zig:8)
  Geryon (Hell)
  7 golden dragons
  A bone dragon (Depths:3)
  Arachne (Spider:4)
  Norris (Elf:3)
  3 Tzitzimimeh (Pan)
  6 Brimstone Fiends (Pan)
  2 iron giants (Zig:11)
  An Ice Fiend (Pan)
  4 Hell Sentinels (Pan)
  3 titans
  A walking crystal tome (Depths:3)
  A tentacled monstrosity (Vaults:5)
  A moon troll (WizLab)
  2 liches
  Asterion (Vaults:1)
  A walking earthen tome (Depths:3)
  7 quicksilver dragons
  6 deep elf master archers
  A walking divine tome (Depths:2)
  Polyphemus (Shoals:2)
  A walking frostbound tome (Depths:3)
  26 acid blobs
  5 sphinxes
  A kraken (Shoals:3)
  Frances (D:12)
  15 Executioners
  11 tentacled starspawn
  6 tengu reavers
  7 storm dragons
  10 shadow dragons
  Donald (Elf:3)
  A revenant (Zig:16)
  19 azure jellies
  15 rockslimes
  A draconian monk (Zig:2)
  5 nagarajas
  3 demonspawn warmongers (Pan)
  2 draconian knights
  7 iron dragons
  Ilsuiw (Shoals:2)
  5 fire giants
  7 emperor scorpions (Spider:4)
  11 frost giants
  17 balrugs
  10 deep elf sorcerers
  5 ghost moths (Spider:4)
  21 vault wardens
  2 draconian scorchers (Zig:13)
  6 orc warlords
  Louise (Shoals:2)
  3 draconian stormcallers (Zig:13)
  9 deep elf elementalists (Elf:3)
  3 broodmothers
  2 curse skulls (Pan)
  2 demonspawn blood saints (Pan)
  4 draconian shifters
  20 ironbound preservers
  A demonspawn corrupter (Pan)
  6 cacodemons
  24 very ugly things
  A draconian annihilator (Zig:13)
  An angel (Pan)
  14 formless jellyfish
  12 reapers
  3 war gargoyles
  6 ironbound thunderhulks
  22 stone giants
  17 quicksilver oozes
  2 vampire knights
  A bunyip (Zig:9)
  7 lorocyprocas
  3 spark wasps (Depths:1)
  3 green draconians
  9 deep elf demonologists
  9 demonspawn black suns (Pan)
  A dire elephant (shapeshifter) (Vaults:5)
  2 eleionomae (Zig:9)
  A putrid mouth (Hell)
  The ghost of Ofeo the Covert, a journeyman KoEE of Ashenzari (D:12)
  A red draconian (Zig:13)
  3 purple draconians
  3 white draconians
  A black draconian (Zig:13)
  An eidolon (Vaults:2)
  10 deep elf annihilators
  7 dire elephants
  An ettin (shapeshifter) (Vaults:5)
  7 crystal guardians
  15 ettins
  3 yellow draconians (Zig:13)
  7 fire dragons
  14 blizzard demons
  7 deep elf death magi
  8 ragged hierophants (Desolation)
  9 merfolk javelineers
  15 deep elf high priests
  16 yaktaur captains
  5 entropy weavers
  7 merfolk impalers
  14 green deaths (Pan)
  12 great orbs of eyes
  2 shambling mangroves (Zig:9)
  11 servants of whispers (Desolation)
  2 rakshasas
  14 ice dragons
  5 hydras
  10 salamander tyrants
  Harold (D:11)
  An alligator (Zig:9)
  2 juggernaut simulacra (Pan)
  5 catoblepae
  6 hell beasts
  3 jorogumos
  4 ogre magi (Orc:2)
  31 vault guards
  3 death knights
  3 radroaches
  2 merfolk avatars
  15 peacekeepers
  An anaconda (shapeshifter) (Vaults:5)
  15 two-headed ogres
  4 ironbound frosthearts
  4 merfolk aquamancers
  2 spriggan skeletons (Pan)
  5 boulder beetles
  4 anacondas
  37 dancing weapons
  2 alligator snapping turtles (Zig:12)
  13 centaur warriors
  7 satyrs
  2 two-headed ogres (shapeshifter)
  A spriggan air mage (Depths:3)
  9 deep troll shamans
  21 tengu warriors
  12 hell hogs
  8 death yaks
  3 naga warriors (Zig:19)
  12 deep troll earth magi
  21 demonic crawlers
  3 orc high priests
  7 spriggan berserkers
  A titan zombie (Hell)
  3 shock serpents
  Sonja (D:12)
  A vampire mage (Depths:2)
  3 thrashing horrors (Abyss:3)
  29 soul eaters
  62 sun demons
  5 naga sharpshooters
  30 hell knights
  18 deep elf knights
  5 skeletal warriors
  3 shadow wraiths (Pan)
  4 skysharks
  2 quicksilver dragon simulacra (Depths:3)
  6 sixfirhies
  A fire crab (shapeshifter) (Vaults:5)
  17 iron trolls
  2 anaconda zombies (Hell)
  8 pharaoh ants
  13 sea snakes
  5 wretched stars
  A flayed ghost (Vaults:5)
  3 goliath frogs (Zig:9)
  3 sun moths
  49 deep trolls
  A goliath frog (shapeshifter) (Vaults:4)
  A salamander mystic (Zig:19)
  A fire crab (Zig:7)
  2 shadow demons (Pan)
  A spriggan druid (Zig:1)
  A storm dragon skeleton (Pan)
  12 orb spiders
  2 swamp dragons
  3 orange crystal statues
  A death drake (shapeshifter) (Vaults:4)
  15 glowing orange brains
  An obsidian statue (Zig:12)
  8 orc knights
  A death drake (Zig:14)
  8 steelbarb worms
  An alligator zombie (Hell)
  15 phantasmal warriors
  5 lindwurms
  17 deep elf archers
  23 harpies
  20 deep elf zephyrmancers
  26 ironbound convokers
  24 starcursed masses
  8 wizards
  5 orc sorcerers
  41 ugly things
  15 wolf spiders
  6 cyclopes
  14 necromancers
  3 mana vipers (Zig:19)
  An alligator skeleton (Hell)
  2 anaconda skeletons (Hell)
  A salamander (Zig:19)
  A shining eye (shapeshifter) (Depths:2)
  27 deep elf pyromancers
  4 oklob plants (Lair:5)
  12 shining eyes
  17 fauns
  9 manticores
  19 vault sentinels
  7 merfolk sirens
  2 naga magi (Zig:19)
  A worldbinder (Abyss:3)
  19 elephants
  12 moths of wrath
  20 black mambas
  10 rust devils
  8 ice statues
  A titan simulacrum (Zig:8)
  6 guardian serpents
  A guardian serpent (shapeshifter) (Depths:3)
  11 orange demons
  6 water nymphs
  37 smoke demons
  A naga skeleton (Pan)
  3 molten gargoyles (Desolation)
  5 eyes of devastation
  3 gargoyles
  5 torpor snails
  5 hellions
  2 sea snake zombies (Hell)
  11 cane toads
  An efreet (D:9)
  3 rime drakes
  A komodo dragon (shapeshifter) (Depths:1)
  3 kobold demonologists
  3 freezing wraiths
  12 komodo dragons
  3 unseen horrors
  4 tormentors
  27 yaktaurs
  8 tengu conjurers
  An anaconda simulacrum (Hell)
  11 ice devils
  A queen bee (shapeshifter) (D:13)
  5 red devils
  A troll (shapeshifter) (Zig:21)
  45 merfolk
  A sea snake skeleton (Hell)
  13 trolls
  4 meliai
  A meliai (shapeshifter) (D:13)
  A queen bee (D:13)
  4 polar bears
  13 hellwings
  68 saltlings (Desolation)
  27 tarantellas
  6 hornets
  6 wind drakes
  An alligator simulacrum (Hell)
  A wind drake (shapeshifter) (D:13)
  11 snapping turtles
  A raiju (Zig:16)
  4 blink frogs (Lair:1)
  A hydra skeleton (Hell)
  A tyrant leech (Zig:9)
  12 dream sheep
  A centaur simulacrum (D:14)
  36 jumping spiders
  121 slime creatures
  14 culicivoras
  A flying skull (Abyss:3)
  A merfolk skeleton (Pan)
  2 jumping spiders (shapeshifter) (Vaults:5)
  A shadow (D:12)
  A spriggan (Zig:9)
  18 ynoxinuls
  2 air elementals
  3 wraiths
  3 fire bats (Abyss:3)
  Grum (D:11)
  6 fire elementals
  2 vampires
  15 water elementals
  An alligator snapping turtle simulacrum (Hell)
  18 chaos spawn
  17 golden eyes
  A human (Lair:4)
  A spriggan (shapeshifter) (Zig:15)
  5 wyverns
  8 basilisks
  56 yaks
  6 neqoxecs
  A steam dragon (D:9)
  67 redbacks
  A human (shapeshifter) (Vaults:4)
  7 wargs
  Menkaure (D:5)
  4 nagas
  4 acid dragons
  2 hell hounds (Zig:7)
  11 water moccasins
  A hydra simulacrum (Hell)
  4 floating eyes
  44 orc warriors
  4 ice beasts
  5 sky beasts
  4 ettin simulacra (Depths:3)
  An ice beast (shapeshifter) (Vaults:5)
  21 large abominations
  A swamp drake (Zig:14)
  4 black bears
  16 centaurs
  39 ogres
  17 wolves
  A phantom (D:4)
  17 bullfrogs
  7 kobold brigands
  4 small abominations (Abyss:3)
  2 elf zombies (Elf:1)
  7 earth elementals
  7 scorpions
  A gnoll sergeant (D:11)
  5 wights (D:7)
  23 killer bees
  5 electric eels
  A quasit (D:12)
  4 hounds
  6 jellies
  16 orc priests
  A gnoll bouda (D:8)
  An iron imp (Abyss:3)
  A sleepcap (D:6)
  5 iguanas
  24 orc wizards
  13 hell rats
  21 gnolls
  11 adders
  4 river rats (Sewer)
  A shadow imp (D:6)
  An ufetubus (D:6)
  6 worms
  7 dart slugs
  91 orcs
  6 ball pythons (Sewer)
  4 bats
  16 endoplasms
  6 giant cockroaches
  16 goblins
  9 hobgoblins
  4 jackals
  6 quokkas
  4 frilled lizards (Sewer)
  38 kobolds
  14 rats
  A spectral weapon (Vaults:1)
  3 starspawn tentacles (WizLab)
3126 creatures vanquished.

Vanquished Creatures (collateral kills)
  A profane servitor (Zig:16)
  An Ice Fiend (Zig:23)
  A lich (Depths:3)
  A deep elf blademaster (Elf:3)
  2 tentacled starspawn (Zig:16)
  An Executioner (Zig:23)
  4 nagarajas (Zig:19)
  A balrug (Depths:3)
  2 deep elf elementalists (Elf:3)
  A cacodemon (Zig:23)
  A demonspawn corrupter (Pan)
  An ironbound preserver (Zig:15)
  A very ugly thing (Vaults:5)
  A halazid warlock (Desolation)
  A green death (Pan)
  2 blizzard demons (Pan)
  A deep elf death mage (Elf:3)
  A fire dragon (Depths:3)
  2 deep elf high priests
  A vault guard (Vaults:5)
  A dancing weapon (Elf:3)
  A naga sharpshooter (Zig:19)
  A naga warrior (Zig:19)
  A deep troll earth mage (Zig:15)
  A tengu warrior (Depths:3)
  4 thrashing horrors (Zig:16)
  A spriggan berserker (Depths:3)
  A hell hog (Depths:3)
  A sun demon (Depths:3)
  A wretched star (Zig:16)
  A shadow demon (Zig:16)
  2 naga ritualists (Zig:19)
  An ironbound convoker (Desolation)
  A deep elf pyromancer (Elf:3)
  A deep elf zephyrmancer (Elf:3)
  5 large abominations (Zig:16)
  A will-o-the-wisp (Zig:16)
  A manticore (Shoals:4)
  A salamander (Zig:19)
  A naga mage (Zig:19)
  An orange demon (Pan)
  A tengu conjurer (Depths:3)
  An ancient zyme (Zig:16)
  A merfolk (Shoals:4)
  A hellwing (Zig:23)
  8 starcursed masses (Zig:16)
  2 raiju (Zig:16)
  A saltling (Desolation)
  2 chaos spawn (Pan)
  5 starspawn tentacles (Zig:16)
78 creatures vanquished.

Vanquished Creatures (others)
  A ghost moth (Spider:4)
  An ironbound preserver (Zig:15)
  A deep elf annihilator (Zig:21)
  A deep elf demonologist (Zig:21)
  A merfolk javelineer (Zig:12)
  2 ice dragons
  2 dancing weapons (Zig:21)
  A naga sharpshooter (Zig:19)
  2 deep elf knights (Zig:21)
  3 deep elf zephyrmancers
  4 deep elf pyromancers
  A wolf spider (Spider:2)
  2 water nymphs (Zig:12)
  A merfolk siren (Zig:12)
  A smoke demon (Pan)
  2 merfolk (Zig:12)
  A red devil (Hell)
  A hellwing (Pan)
  A saltling (Desolation)
  2 ynoxinuls (Pan)
  A water elemental (Zig:21)
  A fire elemental (Zig:21)
  2 chaos spawn (Pan)
  A large abomination (Pan)
  A hell rat (Hell)
  2 foxfires (Zig:16)
  31 starspawn tentacles
  4 tentacles (Shoals:3)
74 creatures vanquished.

Grand Total: 3278 creatures vanquished

Notes
Turn   | Place    | Note
-------+----------+-------------------------------------------
     0 | D:1      | turgid the Minotaur Berserker began the quest for the Orb.
     0 | D:1      | Reached XP level 1. HP: 19/19 MP: 0/0
   226 | D:1      | Reached XP level 2. HP: 24/27 MP: 1/1
   683 | D:2      | Found a faded altar of an unknown god.
   718 | D:2      | Reached XP level 3. HP: 20/33 MP: 2/2
  1027 | D:2      | Reached XP level 4. HP: 22/41 MP: 3/3
  1165 | D:2      | Reached ** piety under Trog
  1463 | D:2      | Reached XP level 5. HP: 33/47 MP: 4/4
  1789 | D:3      | Found Koukiagi's Antique Armour Boutique.
  1857 | D:3      | Found an ornate altar of the Wu Jian Council.
  1880 | D:3      | Reached skill level 5 in Fighting
  1880 | D:3      | Reached skill level 5 in Maces & Flails
  2092 | D:3      | Found Unydd's General Store.
  2113 | D:3      | Reached *** piety under Trog
  2144 | D:3      | Reached XP level 6. HP: 50/56 MP: 5/5
  2842 | D:4      | Found a sacrificial altar of Ru.
  2978 | D:4      | Reached skill level 5 in Armour
  2978 | D:4      | Reached XP level 7. HP: 58/62 MP: 6/6
  3029 | D:4      | Found a radiant altar of Vehumet.
  3106 | D:4      | Found a glowing drain.
  3110 | Sewer    | Entered a sewer
  3194 | Sewer    | Reached **** piety under Trog
  3407 | Sewer    | Reached skill level 5 in Dodging
  4129 | D:5      | Entered Level 5 of the Dungeon
  4240 | D:5      | Noticed Menkaure
  4252 | D:5      | Killed Menkaure
  4253 | D:5      | Reached XP level 8. HP: 48/71 MP: 7/7
  4480 | D:5      | Found Naatuppe's Magic Scroll Shoppe.
  4482 | D:5      | Found Koec's Jewellery Emporium.
  4815 | D:5      | Found Xeuwetin's Assorted Antiques.
  4934 | D:5      | Found a white marble altar of Elyvilon.
  4936 | D:5      | Found a snail-covered altar of Cheibriados.
  5257 | D:6      | Found a broken altar of Ashenzari.
  5371 | D:6      | Noticed a gargoyle
  5383 | D:6      | Killed a gargoyle
  5384 | D:6      | Reached skill level 1 in Shields
  5384 | D:6      | Reached skill level 1 in Evocations
  5384 | D:6      | Reached XP level 9. HP: 81/81 MP: 8/8
  5892 | D:6      | Found a staircase to the Ecumenical Temple.
  5971 | D:7      | Found a bloodstained altar of Trog.
  7119 | D:8      | Reached XP level 10. HP: 67/90 MP: 9/9
  7205 | D:8      | Identified the +4 leather armour of the Pit {rN+ Will-
                  | Str+6 Dex-2}
  8129 | D:9      | Reached skill level 5 in Shields
  8183 | D:9      | Noticed a two-headed ogre
  8192 | D:9      | Killed a two-headed ogre
  8290 | D:9      | Found a flagged portal.
  8297 | D:9      | Reached ***** piety under Trog
  8308 | Bailey   | Entered a bailey
  8451 | Bailey   | Noticed an orc knight
  8464 | Bailey   | Killed an orc knight
  8936 | Bailey   | Reached skill level 10 in Maces & Flails
  8946 | Bailey   | Reached XP level 11. HP: 99/99 MP: 10/10
  9038 | Bailey   | Reached skill level 10 in Fighting
  9049 | Bailey   | Acquired the +6 shillelagh "Devastator" {shatter}
  9049 | Bailey   | Found the +6 shillelagh "Devastator" {shatter}
  9191 | Bailey   | Found an iron altar of Okawaru.
  9431 | Bailey   | Identified the +7 orcbow of Ash {flame, rF- Str+5 Int+4}
 10127 | D:9      | Found Uroam's General Store.
 10130 | D:9      | Found Bofoegh's Antique Weapon Shoppe.
 10598 | D:10     | Entered Level 10 of the Dungeon
 10675 | D:10     | Reached skill level 5 in Evocations
 10831 | D:10     | Reached skill level 10 in Armour
 11041 | D:10     | Found an iron altar of Okawaru.
 11233 | D:10     | Found a staircase to the Lair.
 11284 | D:10     | Found an ancient bone altar of Kikubaaqudgha.
 11438 | D:11     | Noticed Grum
 11446 | D:11     | Killed Grum
 11465 | D:11     | Received a gift from Trog
 11465 | D:11     | Noticed Harold
 11482 | D:11     | Killed Harold
 12440 | D:12     | Noticed a phantasmal warrior
 12450 | D:12     | Noticed a sun demon
 12450 | D:12     | Noticed Sonja
 12620 | D:12     | Noticed Frances
 12630 | D:12     | Killed Frances
 12631 | D:12     | Reached XP level 12. HP: 110/110 MP: 11/11
 12877 | D:12     | Reached skill level 10 in Dodging
 13019 | D:12     | Found a runed translucent gate.
 13019 | D:12     | Found a runed translucent gate.
 13019 | D:12     | Noticed Ofeo's ghost (journeyman KoEE)
 13020 | D:12     | Found a runed translucent gate.
 13066 | D:12     | Found a staircase to the Orcish Mines.
 13136 | D:12     | Killed Sonja
 14035 | D:13     | Noticed a centaur warrior
 14049 | D:13     | Killed a centaur warrior
 14133 | D:13     | Noticed a two-headed ogre
 14137 | D:13     | Killed a two-headed ogre
 14153 | D:13     | Found a gate to the Vaults.
 14153 | D:13     | Noticed a centaur warrior
 14153 | D:13     | Noticed an ironbound preserver
 14164 | D:13     | Killed an ironbound preserver
 14166 | D:13     | Killed a centaur warrior
 14323 | D:13     | Noticed a five-headed hydra
 14328 | D:13     | Killed a five-headed hydra
 14427 | D:13     | Reached XP level 13. HP: 118/118 MP: 12/12
 15536 | D:3      | Bought a scroll of acquirement for 728 gold pieces
 15536 | D:3      | Bought a scroll of enchant weapon for 105 gold pieces
 15537 | D:3      | Acquired the +0 pair of gloves of Nanosk {rF+}
 15774 | Lair:1   | Entered Level 1 of the Lair of Beasts
 16122 | Lair:1   | Reached skill level 10 in Shields
 17453 | Lair:2   | Found a hole to the Spider Nest.
 17844 | Lair:2   | Found a staircase to the Shoals.
 17948 | Lair:2   | Found a shadowy altar of Dithmenos.
 18126 | Lair:3   | Received a gift from Trog
 18556 | Lair:3   | Reached XP level 14. HP: 129/129 MP: 13/13
 18558 | Lair:3   | Reached ****** piety under Trog
 18790 | Lair:3   | Identified the +8 scale mail of an ice cave {Str+7}
 19943 | Lair:4   | Found a runed translucent door.
 19953 | Lair:4   | Noticed a reaper
 19960 | Lair:4   | Found the brooch of Shielding {Spirit SH+8}
 19964 | Lair:4   | Killed a reaper
 20084 | Lair:5   | Entered Level 5 of the Lair of Beasts
 20452 | Lair:5   | Received a gift from Trog
 20579 | Lair:5   | Found a staircase to the Slime Pits.
 21452 | Orc:1    | Entered Level 1 of the Orcish Mines
 21452 | Orc:1    | Found Tuwni Kiomi's Magic Scroll Boutique.
 21831 | Orc:2    | Entered Level 2 of the Orcish Mines
 21846 | Orc:2    | Found a staircase to the Elven Halls.
 22055 | Orc:2    | Received a gift from Trog
 22063 | Orc:2    | Found Zauwal's Armour Boutique.
 22063 | Orc:2    | Found Athreb's Magic Scroll Emporium.
 22067 | Orc:2    | Reached XP level 15. HP: 139/139 MP: 10/14
 22138 | Orc:2    | Found Qacagis's Antique Weapon Shoppe.
 22138 | Orc:2    | Found Ocungap's Antique Armour Boutique.
 22171 | Orc:2    | Bought a pair of pitted gloves for 275 gold pieces
 22171 | Orc:2    | Identified the +1 pair of gloves of Eshir {rCorr SInv} (You
                  | bought it in a shop on level 2 of the Orcish Mines)
 22171 | Orc:2    | Bought a runed hat for 203 gold pieces
 22186 | Orc:2    | Bought a cloak for 130 gold pieces
 22192 | Orc:2    | Bought a scroll of enchant weapon for 105 gold pieces
 22192 | Orc:2    | Bought a scroll of enchant weapon for 105 gold pieces
 22192 | Orc:2    | Bought a scroll of enchant armour for 105 gold pieces
 23133 | D:14     | Received a gift from Trog
 23596 | D:14     | Found Nabu's Dragon-Slaying Spoils.
 24138 | D:15     | Entered Level 15 of the Dungeon
 24352 | D:15     | Found a staircase to the Depths.
 24389 | D:15     | Found Xiomoidyu's Antique Weapon Shop.
 24430 | D:15     | Found Qeucvotio's Book Shop.
 24546 | D:15     | Found Jotoisk's Antique Weapon Emporium.
 24825 | D:15     | Found Itakhle's Distillery.
 25090 | Shoals:1 | Entered Level 1 of the Shoals
 25210 | Shoals:1 | Reached skill level 15 in Maces & Flails
 25357 | Shoals:1 | Reached skill level 15 in Fighting
 25698 | Shoals:1 | Reached skill level 10 in Evocations
 26107 | Shoals:2 | Noticed Louise
 26149 | Shoals:2 | Killed Louise
 26273 | Shoals:2 | Received a gift from Trog
 26334 | Shoals:2 | Noticed Ilsuiw
 26335 | Shoals:2 | Noticed Polyphemus
 26540 | Shoals:2 | Killed Ilsuiw
 26541 | Shoals:2 | Reached skill level 15 in Armour
 26788 | Shoals:2 | Identified the +0 plate armour of Pathos {rElec}
 27074 | Shoals:2 | Killed Polyphemus
 27081 | Shoals:2 | Reached XP level 16. HP: 123/149 MP: 15/15
 27821 | Shoals:3 | Found Plog's Overcharged Wands.
 27923 | Shoals:3 | Found a runed translucent door.
 27964 | Shoals:3 | Noticed Bai Suzhen
 28138 | Shoals:4 | Entered Level 4 of the Shoals
 28525 | Shoals:3 | Killed Bai Suzhen
 28789 | Shoals:3 | Noticed a kraken
 28804 | Shoals:3 | Killed a kraken
 29245 | Shoals:3 | Noticed thirtiethelement's ghost (adept DsSh)
 29379 | Spider:1 | Entered Level 1 of the Spider Nest
 29411 | Spider:1 | Received a gift from Trog
 29771 | Spider:1 | Identified the +3 ring mail "Qaudiw" {rF+ rCorr}
 30430 | D:14     | Bought +0 gold dragon scales for 1040 gold pieces
 31151 | Spider:2 | You are sucked into a shaft and drop 1 floor!
 31595 | Spider:2 | Identified the +9 scale mail "Imymahur" {rN+}
 31817 | Spider:3 | Received a gift from Trog
 31970 | Spider:3 | Reached XP level 17. HP: 158/158 MP: 16/16
 32011 | Spider:3 | Paralysed by a jorogumo for 3 turns
 32042 | Spider:3 | Reached skill level 15 in Dodging
 32726 | Spider:4 | Entered Level 4 of the Spider Nest
 33506 | D:9      | Bought a scroll of enchant armour for 97 gold pieces
 33647 | Orc:1    | Bought a scroll of enchant armour for 112 gold pieces
 33704 | D:12     | Killed Ofeo's ghost
 33726 | D:12     | Identified the amulet of Ytega {Acrobat rC+ Will- rCorr
                  | Str+2}
 34222 | Spider:4 | Received a gift from Trog
 34422 | Spider:4 | Reached skill level 15 in Shields
 34427 | Spider:4 | Noticed Arachne
 34791 | Spider:4 | Killed Arachne
 35058 | Spider:4 | Got a gossamer rune of Zot
 35744 | Shoals:4 | Reached XP level 18. HP: 170/170 MP: 17/17
 36197 | Shoals:4 | Identified the +11 flail "Weckofec" {flame, rF+ Will+
                  | Dex+3}
 36365 | Shoals:4 | Received a gift from Trog
 36789 | Shoals:4 | Got a barnacled rune of Zot
 36820 | Shoals:4 | Identified the staff of the Dancing Gods {rN+ Dex+4 Conj}
 37492 | Elf:1    | Entered Level 1 of the Elven Halls
 37617 | Elf:1    | Found a crumbling gateway.
 37692 | Desolati | Entered the Desolation of Salt
 37836 | Desolati | Received a gift from Trog
 37930 | Desolati | Identified the +10 plate armour "Jaont" {Harm Fly rF- rC-}
 38077 | Desolati | Identified the +6 scimitar "Qeneudex" {protect, *Noise
                  | rPois Str+8}
 38096 | Desolati | Identified the +9 longbow of the Horn {elec, Int+6}
 38359 | Desolati | Identified the +1 mace "Econ" {flame, rC+ rCorr Stlth+}
 38555 | Desolati | Reached XP level 19. HP: 108/179 MP: 16/18
 38724 | Desolati | Received a gift from Trog
 39140 | Elf:1    | Identified the +0 robe "Deriusoq" {Int+3}
 40095 | Elf:2    | Noticed a Tzitzimitl
 40102 | Elf:2    | Received a gift from Trog
 40759 | Elf:2    | Identified the +3 short sword of Painful Death {freeze, rF+
                  | rC+ Int+3 SInv}
 40809 | Abyss:3  | Cast into level 3 of the Abyss (a deep elf sorcerer)
 40860 | Abyss:3  | Noticed a hellephant
 40918 | Abyss:3  | Found a corrupted altar of Lugonu.
 40918 | Abyss:3  | Noticed a hellephant
 40920 | Abyss:3  | Got an abyssal rune of Zot
 41138 | Abyss:3  | Found a corrupted altar of Lugonu.
 41201 | Elf:2    | Escaped the Abyss
 41365 | Elf:2    | Received a gift from Trog
 41372 | Elf:2    | Found a huge runed translucent gate.
 41372 | Elf:2    | Found a huge runed translucent gate.
 41376 | Elf:2    | Found a huge runed translucent gate.
 41509 | Elf:2    | Found a huge runed translucent gate.
 41510 | Elf:2    | Found a huge runed translucent gate.
 42451 | Elf:3    | Entered Level 3 of the Elven Halls
 42500 | Elf:3    | Found Rituxkav's Book Shoppe.
 42828 | Elf:3    | Noticed a Tzitzimitl
 43197 | Elf:3    | Noticed Donald
 43212 | Elf:3    | Killed Donald
 43427 | Elf:3    | Identified the +1 hand axe "Uzuutec" {vamp, rF++ Int+7}
 43646 | Elf:3    | Paralysed by an air elemental for 1 turns
 43649 | Elf:3    | Paralysed by an air elemental for 1 turns
 43680 | Elf:3    | Identified the ring "Qoliqib" {Drain rF+ rC+ Will++ MP+9}
 43755 | Elf:3    | Reached XP level 20. HP: 158/191 MP: 16/19
 43759 | Elf:3    | Identified the +11 quarterstaff of Death {freeze, *Noise
                  | rF+++}
 43762 | Elf:3    | Noticed Norris
 43769 | Elf:3    | Killed Norris
 43793 | Elf:3    | Identified the +5 sling of Trog's Displeasure {flame, rF+}
 43804 | Elf:3    | Identified the +11 morningstar "Elesauf" {heavy, +Blink
                  | rElec Str-3 SInv}
 43806 | Elf:3    | Received a gift from Trog
 43848 | Elf:3    | Identified the +2 flail of the Old World {spect, rC+ SInv}
 45064 | Elf:3    | Identified the +10 arbalest of Annihilation {freeze,
                  | Stlth+}
 45609 | Vaults:1 | Entered Level 1 of the Vaults
 45779 | Vaults:1 | Received a gift from Trog
 46481 | Vaults:1 | Noticed Asterion
 46497 | Vaults:1 | Killed Asterion
 46931 | Vaults:1 | Found Jiuseim's General Store.
 46946 | Vaults:1 | Bought a potion of cancellation for 136 gold pieces
 46946 | Vaults:1 | Bought a scroll of fear for 68 gold pieces
 48483 | Vaults:2 | Found a staircase to the Crypt.
 48678 | Vaults:2 | Reached XP level 21. HP: 157/200 MP: 20/20
 49020 | Vaults:2 | Received a gift from Trog
 49550 | Vaults:3 | Found a flickering gateway to a bazaar.
 49559 | Bazaar   | Entered a bazaar
 49559 | Bazaar   | Found Rarovul's Armour Shoppe.
 49562 | Bazaar   | Found Isunnore's Distillery.
 49565 | Bazaar   | Bought the +3 pair of seven-league boots {Rampage+∞} for
                  | 440 gold pieces
 49565 | Bazaar   | Found the +3 pair of seven-league boots {Rampage+∞}
 49571 | Bazaar   | Bought a potion of heal wounds for 75 gold pieces
 49571 | Bazaar   | Bought a potion of heal wounds for 75 gold pieces
 49571 | Bazaar   | Bought a potion of heal wounds for 75 gold pieces
 49574 | Bazaar   | Found Yhiffaiz's Assorted Antiques.
 49613 | Bazaar   | Found Zoodytit's Book Shop.
 49655 | Bazaar   | Bought a potion of curing for 45 gold pieces
 49655 | Bazaar   | Bought a potion of haste for 150 gold pieces
 49655 | Bazaar   | Bought a potion of curing for 45 gold pieces
 49670 | Bazaar   | Bought a scroll of blinking for 157 gold pieces
 49670 | Bazaar   | Bought a potion of curing for 63 gold pieces
 49670 | Bazaar   | Bought a scroll of fear for 84 gold pieces
 51124 | Vaults:4 | Received a gift from Trog
 51464 | Vaults:4 | Noticed Margery
 51477 | Vaults:4 | Killed Margery
 52370 | Vaults:4 | Received a gift from Trog
 52465 | Vaults:4 | Noticed Frederick
 52473 | Vaults:4 | Killed Frederick
 53232 | Depths:1 | Entered Level 1 of the Depths
 53332 | Depths:1 | Reached XP level 22. HP: 211/211 MP: 21/21
 53423 | Depths:1 | Reached skill level 15 in Evocations
 53992 | Depths:1 | Found a gateway to Hell.
 54053 | Depths:1 | Found Fumpoana's Mass Market.
 54664 | Depths:2 | Found a one-way gate to the infinite horrors of the Abyss.
 55173 | Depths:2 | Noticed a golden dragon
 55187 | Depths:2 | Killed a golden dragon
 55349 | Depths:2 | Identified the +11 falchion "Wytwia" {heavy, rF+} (Trog
                  | gifted it to you on level 2 of the Depths)
 55349 | Depths:2 | Received a gift from Trog
 55376 | Depths:2 | Found a one-way gateway to a ziggurat.
 55522 | Depths:2 | Noticed Vv
 55549 | Depths:2 | Killed Vv
 55922 | Depths:2 | Found a one-way gate leading to the halls of Pandemonium.
 56105 | Depths:2 | Noticed Mara
 56115 | Depths:2 | Killed Mara
 56187 | Depths:3 | Identified the +0 robe "Itiall" {Rampage +Inv rCorr Dex-5}
 56611 | Depths:3 | Identified the +4 trident "Kirchekh" {freeze, *Noise rPois
                  | Will+ SInv}
 56792 | Depths:3 | Found a glowing silver altar of Zin.
 56846 | Depths:3 | Noticed a caustic shrike
 56848 | Depths:3 | Noticed a caustic shrike
 56849 | Depths:3 | Noticed a caustic shrike
 56849 | Depths:3 | Noticed a caustic shrike
 56862 | Depths:3 | Killed a caustic shrike
 56865 | Depths:3 | Found an ancient bone altar of Kikubaaqudgha.
 56937 | Depths:3 | Killed a caustic shrike
 57158 | Depths:3 | Killed a caustic shrike
 57393 | Depths:3 | Found a blossoming altar of Fedhas.
 57415 | Depths:3 | Received a gift from Trog
 57453 | Depths:3 | Noticed a golden dragon
 57466 | Depths:3 | Killed a golden dragon
 57486 | Depths:3 | Identified the +1 chain mail of Bedevilment {rC+ Dex+2
                  | Stlth+}
 57522 | Depths:3 | Noticed a juggernaut
 57534 | Depths:3 | Killed a juggernaut
 57535 | Depths:3 | Reached XP level 23. HP: 179/221 MP: 22/22
 58379 | Depths:3 | Killed a caustic shrike
 58476 | Depths:3 | Identified the +9 war axe of the Eel {flame, Str+6}
 59211 | Depths:3 | Found an iron altar of Okawaru.
 59245 | Depths:3 | Identified the +1 ring mail of the Crypt {Int+4}
 59719 | Depths:4 | Entered Level 4 of the Depths
 59721 | Depths:4 | Found a magical portal.
 59733 | WizLab   | Entered Lehudib's Moon Base
 59801 | WizLab   | Found a transporter.
 59829 | WizLab   | Received a gift from Trog
 59967 | WizLab   | Lost intelligence.
 60919 | WizLab   | Identified the ring of Oxtimoib {AC+4 Str+5}
 61164 | WizLab   | Found a transporter.
 61251 | WizLab   | Gained mutation: You occasionally lose the ability to drink
                  | potions when taking damage. [a cacodemon]
 61316 | WizLab   | Identified the ring of Hecwaa Heam {rElec rC+}
 61927 | Depths:4 | Found a gate to the Realm of Zot.
 62268 | Depths:4 | Received a gift from Trog
 62359 | Depths:4 | Paralysed by a floating eye for 2 turns
 62443 | Depths:4 | Found an opulent altar of Gozag.
 63040 | Lair:5   | Reached XP level 24. HP: 191/233 MP: 22/22
 63544 | Vaults:5 | Entered Level 5 of the Vaults
 63945 | Vaults:5 | Identified the +5 morningstar of Bolu {heavy, rPois Stlth+}
                  | (Trog gifted it to you on level 5 of the Vaults)
 63945 | Vaults:5 | Received a gift from Trog
 64316 | Orc:1    | Bought a scroll of blinking for 112 gold pieces
 64316 | Orc:1    | Bought a scroll of blinking for 112 gold pieces
 64567 | D:5      | Bought a scroll of teleportation for 39 gold pieces
 64567 | D:5      | Bought a scroll of teleportation for 39 gold pieces
 64567 | D:5      | Bought a scroll of teleportation for 39 gold pieces
 64718 | D:9      | Bought a potion of curing for 39 gold pieces
 64851 | D:15     | Bought a potion of curing for 57 gold pieces
 64851 | D:15     | Bought 2 potions of might for 152 gold pieces
 64851 | D:15     | Bought a potion of enlightenment for 95 gold pieces
 64851 | D:15     | Bought a potion of heal wounds for 95 gold pieces
 64851 | D:15     | Bought a potion of curing for 57 gold pieces
 64851 | D:15     | Bought a potion of mutation for 152 gold pieces
 66092 | Vaults:5 | Identified the +4 orcbow of Ad Valorem {heavy, Str+3}
 66115 | Vaults:5 | Identified the +4 whip of Dyddayp {protect, *Noise rElec
                  | rC+++ Dex+3}
 66361 | Vaults:5 | Identified the +8 war axe "Liegeuduoj" {venom, +Blink}
 66417 | Vaults:5 | Identified the +0 quarterstaff of Uncomfortable Rashes
                  | {heavy, rF+ MP-9 Dex+3}
 67073 | Vaults:5 | Identified the +2 chain mail "Ocetae Ajos" {Drain +Blink
                  | rN+ Dex+2}
 67085 | Vaults:5 | Got a silver rune of Zot
 67274 | Vaults:5 | Received a gift from Trog
 67314 | Vaults:5 | Identified the +2 ring mail of the Bruised Eyes {rCorr
                  | Str+3 Dex+3 Stlth+}
 67677 | Vaults:5 | Acquired a manual of Long Blades
 67679 | Vaults:5 | Acquired the ring "Fusmel" {rElec rC++ rN+ Int+6}
 68093 | D:3      | Bought a glowing scarf for 160 gold pieces
 68835 | Slime:1  | Entered Level 1 of the Pits of Slime
 70246 | Slime:2  | Paralysed by a formless jellyfish for 1 turns
 70444 | Slime:3  | Gained mutation: You occasionally lose the ability to read
                  | scrolls when taking damage. [a shining eye]
 70447 | Slime:3  | Lost mutation: You occasionally lose the ability to read
                  | scrolls when taking damage. [potion of mutation]
 70447 | Slime:3  | Lost mutation: You occasionally lose the ability to drink
                  | potions when taking damage. [potion of mutation]
 70447 | Slime:3  | Gained mutation: You are frail. (-10% HP) [potion of
                  | mutation]
 70447 | Slime:3  | Gained mutation: You passively map a small area around you.
                  | [potion of mutation]
 70447 | Slime:3  | Gained mutation: You occasionally shout uncontrollably at
                  | your foes. [potion of mutation]
 70448 | Slime:3  | Lost mutation: You passively map a small area around you.
                  | [potion of mutation]
 70448 | Slime:3  | Lost mutation: You are frail. (-10% HP) [potion of
                  | mutation]
 70448 | Slime:3  | Gained mutation: You are weak. (Str -2) [potion of
                  | mutation]
 70448 | Slime:3  | Gained mutation: You are resistant to electric shocks.
                  | (rElec) [potion of mutation]
 70594 | Slime:5  | Entered Level 5 of the Pits of Slime
 70629 | Slime:5  | Reached XP level 25. HP: 243/243 MP: 22/22
 70792 | Slime:5  | Received a gift from Trog
 70979 | Slime:5  | Found a viscous altar of Jiyva.
 70989 | Slime:5  | Found the amulet of the Air {Inacc Air Fly rElec RMsl}
 70991 | Slime:5  | Found the +0 mask of the Dragon {Will+ Slay+3 SInv}
 71009 | Slime:5  | Gained mutation: You are occasionally teleported next to
                  | monsters. [a shining eye]
 71017 | Slime:5  | Lost mutation: You are weak. (Str -2) [potion of mutation]
 71017 | Slime:5  | Lost mutation: You are occasionally teleported next to
                  | monsters. [potion of mutation]
 71017 | Slime:5  | Gained mutation: You are dopey. (Int -2) [potion of
                  | mutation]
 71017 | Slime:5  | Gained mutation: Armour fits poorly on your strangely
                  | shaped body. [potion of mutation]
 71023 | Slime:5  | Lost mutation: Armour fits poorly on your strangely shaped
                  | body. [potion of mutation]
 71023 | Slime:5  | Lost mutation: You occasionally shout uncontrollably at
                  | your foes. [potion of mutation]
 71023 | Slime:5  | Lost mutation: You are dopey. (Int -2) [potion of mutation]
 71023 | Slime:5  | Gained mutation: You sometimes lose your temper in combat.
                  | [potion of mutation]
 71023 | Slime:5  | Lost mutation: You sometimes lose your temper in combat.
                  | [potion of mutation]
 71223 | Slime:5  | Noticed the Royal Jelly
 71463 | Slime:4  | Paralysed by a floating eye for 3 turns
 71469 | Slime:4  | Paralysed by a floating eye for 3 turns
 71484 | Slime:4  | Gained mutation: You are occasionally teleported next to
                  | monsters. [a shining eye]
 71486 | Slime:4  | Gained mutation: You are frail. (-10% HP) [a shining eye]
 71488 | Slime:4  | Gained mutation: You are vulnerable to cold. (rC-) [a
                  | shining eye]
 71490 | Slime:4  | Gained mutation: Your flesh is heat resistant. (rF+) [a
                  | shining eye]
 71505 | Slime:4  | Lost mutation: You are vulnerable to cold. (rC-) [potion of
                  | mutation]
 71505 | Slime:4  | Lost mutation: You are resistant to electric shocks.
                  | (rElec) [potion of mutation]
 71505 | Slime:4  | Gained mutation: You are partially covered in large bone
                  | plates. (SH +4) [potion of mutation]
 71505 | Slime:4  | Gained mutation: Your skin changes colour to match your
                  | surroundings (Stealth+). [potion of mutation]
 71506 | Slime:4  | Lost mutation: Your skin changes colour to match your
                  | surroundings (Stealth+). [potion of mutation]
 71506 | Slime:4  | Lost mutation: You are partially covered in large bone
                  | plates. (SH +4) [potion of mutation]
 71506 | Slime:4  | Gained mutation: You are covered in fur. (AC +1) [potion of
                  | mutation]
 71506 | Slime:4  | Lost mutation: You are covered in fur. (AC +1) [potion of
                  | mutation]
 71506 | Slime:4  | Gained mutation: You have sharp toenails. [potion of
                  | mutation]
 71506 | Slime:4  | Gained mutation: You have sharp fingernails. [potion of
                  | mutation]
 71507 | Slime:4  | Lost mutation: You have sharp toenails. [potion of
                  | mutation]
 71507 | Slime:4  | Lost mutation: You have sharp fingernails. [potion of
                  | mutation]
 71507 | Slime:4  | Lost mutation: You are occasionally teleported next to
                  | monsters. [potion of mutation]
 71507 | Slime:4  | Gained mutation: You expend magic power (3 MP) to
                  | strengthen your wands. [potion of mutation]
 71507 | Slime:4  | Gained mutation: You are dopey. (Int -2) [potion of
                  | mutation]
 71507 | Slime:4  | Gained mutation: Your spells are a little harder to cast,
                  | but a little more powerful. [potion of mutation]
 71518 | Slime:4  | Lost mutation: Your flesh is heat resistant. (rF+) [potion
                  | of mutation]
 71518 | Slime:4  | Lost mutation: You are frail. (-10% HP) [potion of
                  | mutation]
 71518 | Slime:4  | Lost mutation: Your spells are a little harder to cast, but
                  | a little more powerful. [potion of mutation]
 71518 | Slime:4  | Gained mutation: You are weak. (Str -2) [potion of
                  | mutation]
 71518 | Slime:4  | Gained mutation: Your spells are a little harder to cast,
                  | but a little more powerful. [potion of mutation]
 71518 | Slime:4  | Gained mutation: You have a pair of large horns on your
                  | head. [potion of mutation]
 71519 | Slime:4  | Lost mutation: Your spells are a little harder to cast, but
                  | a little more powerful. [potion of mutation]
 71519 | Slime:4  | Lost mutation: You are weak. (Str -2) [potion of mutation]
 71519 | Slime:4  | Lost mutation: You are dopey. (Int -2) [potion of mutation]
 71519 | Slime:4  | Gained mutation: You possess an exceptional clarity of
                  | mind. [potion of mutation]
 71519 | Slime:4  | Gained mutation: Your spells are a little harder to cast,
                  | but a little more powerful. [potion of mutation]
 71630 | Slime:4  | Found a viscous altar of Jiyva.
 72453 | Slime:5  | Killed the Royal Jelly
 72834 | Slime:5  | Got a slimy rune of Zot
 72906 | Slime:5  | Identified the +4 war axe of Lenaoq {protect, +Blink Int-4
                  | Dex+2}
 72924 | Slime:5  | Identified the +5 short sword of Oqamimir {protect, Int+2}
 72966 | Slime:5  | Identified the +5 glaive of Faete {heavy, rF+}
 72998 | Slime:5  | Lost mutation: You have a pair of large horns on your head.
                  | [potion of mutation]
 72998 | Slime:5  | Lost mutation: You expend magic power (3 MP) to strengthen
                  | your wands. [potion of mutation]
 72998 | Slime:5  | Gained mutation: You are partially covered in iridescent
                  | scales. (AC +2) [potion of mutation]
 73385 | Hell     | Entered the Vestibule of Hell
 73385 | Hell     | Noticed Geryon
 73396 | Hell     | Identified the +10 morningstar "Bism" {antimagic, *Rage
                  | rN+++ rCorr Str+4} (Trog gifted it to you in the Vestibule
                  | of Hell)
 73396 | Hell     | Received a gift from Trog
 73407 | Hell     | Killed Geryon
 74771 | Hell     | Found a gateway to the Iron City of Dis.
 74820 | Hell     | Found a gateway to the freezing wastes of Cocytus.
 75500 | Hell     | Found a gateway to the decaying netherworld of Tartarus.
 75689 | Hell     | Found a gateway to the ashen valley of Gehenna.
 76017 | Pan      | Entered Pandemonium
 76044 | Pan      | Received a gift from Trog
 76108 | Pan      | Gained mutation: You are clumsy. (Dex -2) [a cacodemon]
 76303 | Pan      | Noticed Nibliko the pandemonium lord
 76508 | Pan      | Killed Nibliko the pandemonium lord
 76986 | Pan      | Got a demonic rune of Zot
 77192 | Pan      | Received a gift from Trog
 77327 | Pan      | Reached XP level 26. HP: 254/254 MP: 10/22
 77830 | Pan      | Identified the +1 battleaxe "Sarcophage" {flame, MP+9 Int+4
                  | Stlth-}
 78023 | Pan      | Found an exit through the horrors of the Abyss.
 78652 | Pan      | Noticed Xugridul the pandemonium lord
 78658 | Pan      | Killed Xugridul the pandemonium lord
 79468 | Pan      | Noticed Esmuojaq the pandemonium lord
 79484 | Pan      | Killed Esmuojaq the pandemonium lord
 80861 | Pan      | Received a gift from Trog
 81030 | Pan      | Noticed Zistit the pandemonium lord
 81807 | Pan      | Found a huge runed translucent gate.
 81810 | Pan      | Found a huge runed translucent gate.
 81811 | Pan      | Found a huge runed translucent gate.
 81811 | Pan      | Found a huge runed translucent gate.
 81811 | Pan      | Found a huge runed translucent gate.
 81811 | Pan      | Found a huge runed translucent gate.
 82489 | Pan      | Found a huge runed translucent gate.
 82501 | Pan      | Entered the realm of Gloorx Vloq.
 82594 | Pan      | Noticed Gloorx Vloq
 82612 | Pan      | Killed Gloorx Vloq
 82614 | Pan      | Got a dark rune of Zot
 82870 | Pan      | Received a gift from Trog
 82885 | Pan      | Reached XP level 27. HP: 240/266 MP: 10/22
 83257 | Pan      | Noticed Xenuat the pandemonium lord
 83273 | Pan      | Killed Xenuat the pandemonium lord
 83808 | Pan      | Found an exit through the horrors of the Abyss.
 83814 | Pan      | Took an exit into the Abyss.
 83814 | Abyss:3  | Escaped into the Abyss
 83906 | Depths:2 | Escaped the Abyss
 84412 | Zig:1    | Entered Level 1 of a ziggurat
 84434 | Zig:2    | Entered Level 2 of a ziggurat
 84576 | Zig:3    | Entered Level 3 of a ziggurat
 84605 | Zig:3    | Identified the +8 shadow dragon scales of Mysticism {Str+3
                  | Stlth++++}
 84609 | Zig:4    | Entered Level 4 of a ziggurat
 84609 | Zig:4    | Noticed a juggernaut
 84627 | Zig:4    | Killed a juggernaut
 84658 | Zig:4    | Lost mutation: You are clumsy. (Dex -2) [potion of
                  | mutation]
 84658 | Zig:4    | Lost mutation: You are partially covered in iridescent
                  | scales. (AC +2) [potion of mutation]
 84658 | Zig:4    | Lost mutation: You possess an exceptional clarity of mind.
                  | [potion of mutation]
 84658 | Zig:4    | Gained mutation: Your flesh is heat resistant. (rF+)
                  | [potion of mutation]
 84658 | Zig:4    | Gained mutation: You possess an exceptional clarity of
                  | mind. [potion of mutation]
 84660 | Zig:5    | Entered Level 5 of a ziggurat
 84661 | Zig:5    | Noticed a juggernaut
 84667 | Zig:5    | Killed a juggernaut
 84677 | Zig:5    | Received a gift from Trog
 84689 | Zig:5    | Identified the +3 plate armour of Noughts and Crosses
                  | {rElec rCorr Dex+4}
 84694 | Zig:5    | Identified the +7 leather armour of the Kraken {Regen+
                  | Str+4 Int-3 Slay-6}
 84892 | Zig:6    | Entered Level 6 of a ziggurat
 84932 | Zig:6    | Identified the +4 kite shield of the Wereyak {rCorr MP+9
                  | Int-5 Stlth-}
 84944 | Zig:7    | Entered Level 7 of a ziggurat
 84945 | Zig:7    | Noticed an orb of fire
 84946 | Zig:7    | Noticed an orb of fire
 84958 | Zig:7    | Killed an orb of fire
 84966 | Zig:7    | Killed an orb of fire
 84983 | Zig:7    | Identified the amulet of Naviopp {Reflect Str+2 SH+5}
 85129 | Zig:8    | Entered Level 8 of a ziggurat
 85252 | Zig:9    | Entered Level 9 of a ziggurat
 85275 | Zig:9    | Identified the ring "Paajet" {rC+ rCorr Str+3 Dex-2}
 85295 | Zig:9    | Identified the +0 plate armour of Weuhudah {rF+ MP+9}
 85316 | Zig:9    | Identified the +1 pair of gloves of Lies {rPois Dex+2}
 85330 | Zig:9    | Identified the staff of Subterfuge {rN+ Int+5 Necro}
 85469 | Zig:10   | Entered Level 10 of a ziggurat
 85499 | Zig:10   | Received a gift from Trog
 85576 | Zig:11   | Entered Level 11 of a ziggurat
 85584 | Zig:11   | Noticed a juggernaut
 85584 | Zig:11   | Found the +8 storm bow {elec, penet}
 85601 | Zig:11   | Killed a juggernaut
 85809 | Zig:12   | Entered Level 12 of a ziggurat
 86135 | Zig:12   | Found the amulet of Vitality {RegenMP++ Regen++}
 86143 | Zig:12   | Identified the +5 scale mail "Arugeiss" {rC+ rN+ Dex+3}
 86146 | Zig:12   | Identified the ring of Xiucruess {rN+ Will+ Str+6 Stlth-}
 86271 | Zig:13   | Entered Level 13 of a ziggurat
 86292 | Zig:13   | Received a gift from Trog
 86445 | Zig:14   | Entered Level 14 of a ziggurat
 86667 | Zig:14   | Identified the +5 hand axe of Pride {flame, Drain Fly
                  | Dex+4}
 86677 | Zig:14   | Identified the ring "Olaostrym" {Wiz Dex+3}
 86856 | Zig:15   | Entered Level 15 of a ziggurat
 86869 | Zig:15   | Noticed a dread lich
 86871 | Zig:15   | Noticed an ancient lich
 86884 | Zig:15   | Killed an ancient lich
 86892 | Zig:15   | Identified the ring of Ciot {rF- rC+ rN+ Dex+3}
 86895 | Zig:15   | Identified the +1 robe of Experimentation {rC++ Archmagi}
 86898 | Zig:16   | Entered Level 16 of a ziggurat
 86935 | Zig:16   | Paralysed by accursed screaming for 1 turns
 86940 | Zig:16   | Paralysed by accursed screaming for 2 turns
 87066 | Zig:16   | Gained mutation: You occasionally shout uncontrollably at
                  | your foes. [a neqoxec]
 87635 | Zig:16   | Identified the ring of Tauthyme {rElec rF+ Will+++ Str-5
                  | Dex+3}
 87646 | Zig:17   | Entered Level 17 of a ziggurat
 87656 | Zig:17   | Noticed Nigadwu the pandemonium lord
 87668 | Zig:18   | Entered Level 18 of a ziggurat
 87703 | Zig:18   | Noticed a juggernaut
 87703 | Zig:18   | Noticed a juggernaut
 87704 | Zig:18   | Noticed a juggernaut
 87704 | Zig:18   | Noticed a juggernaut
 87704 | Zig:18   | Noticed a juggernaut
 87711 | Zig:18   | Noticed a juggernaut
 87717 | Zig:18   | Killed a juggernaut
 87724 | Zig:18   | Killed a juggernaut
 87725 | Zig:18   | Killed a juggernaut
 87726 | Zig:18   | Killed a juggernaut
 87733 | Zig:18   | Killed a juggernaut
 87737 | Zig:18   | Noticed a juggernaut
 87748 | Zig:18   | Killed a juggernaut
 87760 | Zig:18   | Killed a juggernaut
 87761 | Zig:18   | Reached skill level 27 in Armour
 87942 | Zig:18   | Identified the +8 rapier of Yclodoare {heavy, rElec}
 87944 | Zig:18   | Identified the +1 great sword of Disarray {flame, rF+ rC+
                  | MP+9 Stlth+}
 87953 | Zig:18   | Identified the +8 plate armour "Tarun" {Harm}
 88056 | Zig:19   | Entered Level 19 of a ziggurat
 88087 | Zig:19   | Received a gift from Trog
 88530 | Zig:19   | Identified the +0 scale mail of Hupser {rC+}
 88542 | Zig:20   | Entered Level 20 of a ziggurat
 88581 | Zig:20   | Gained mutation: You are weak. (Str -2) [a shining eye]
 88582 | Zig:20   | Reached skill level 27 in Maces & Flails
 88584 | Zig:20   | Reached skill level 27 in Fighting
 88597 | Zig:20   | Gained mutation: You are clumsy. (Dex -2) [a shining eye]
 88634 | Zig:20   | Identified the +1 scale mail of Hemo {rElec rPois Dex-3}
 88645 | Zig:20   | Identified the +10 great sword of Annihilation {venom, rN++
                  | rCorr Str-3 Dex+2}
 88656 | Zig:20   | Identified the staff "Beetle's Doom" {*Slow rN+ rCorr Dex+2
                  | Necro}
 88701 | Zig:21   | Entered Level 21 of a ziggurat
 88710 | Zig:21   | Paralysed by an air elemental for 1 turns
 88724 | Zig:21   | Received a gift from Trog
 88990 | Zig:21   | Identified the +3 hand axe "Joggeur" {heavy, *Slow rF++
                  | Dex+3}
 89005 | Zig:21   | Identified the amulet "Bocienu" {Faith rCorr}
 89173 | Zig:22   | Entered Level 22 of a ziggurat
 89202 | Zig:22   | Noticed an ancient lich
 89204 | Zig:23   | Entered Level 23 of a ziggurat
 89260 | Zig:23   | Noticed Fieggepe the pandemonium lord
 89265 | Zig:23   | Found the +8 mithril axe "Arga" {speed, Will+}
 89266 | Zig:23   | Gained mutation: You have hidden genetic defects. [a
                  | cacodemon]
 89267 | Zig:23   | HP: 8/273 [Executioner (13)]
 89267 | Zig:23   | HP: 1/273 [green death/bolt of poison (7)]
 89268 | Zig:23   | Identified the +3 great sword of Ryq Dinluzikk {freeze,
                  | rPois}
 89269 | Zig:23   | Identified the +4 demon trident of Ru's Scorn {freeze,
                  | Str+3}
 89270 | Zig:23   | Killed from afar by a balrug

Illustrated notes

Levels and vault maps discovered:
D:1:      tarquinn_simple_flora_water_d, layout_basic
D:2:      cheibrodos_fertilizer, layout_basic, serial_glass, glass_columns_a,
          glass_columns_c, due_unseen_surprise, item_on_display_b,
          basic_ecumenical_altar
D:3:      layout_loops_ring, mainiacjoe_overflow_small_starburst, serial_shops,
          nicolae_shop_tiny_waterfront, shop
D:4:      layout_loops_ring, mainiacjoe_overflow_tiny_flanked,
          nicolae_ru_awakened_eye, gup_sewer_entry_spiral,
          kennysheep_generic_room_5
D:5:      layout_basic, nicolae_overflow_hidden_temple, serial_shops, shop,
          nicolae_shop_just_a_little_nook, nicolae_shop_tiny_statue_garden,
          uniq_menkaure
D:6:      layout_basic, evilmike_ruin_ashenzari, temple_hall,
          kennysheep_small_spiral
D:7:      layout_basic, lemuel_tele_altar
D:8:      layout_basic, dreamdust_gnoll_shepherd
D:9:      kennysheep_blocky_hall, layout_grid_maze, enter_bailey_3,
          nicolae_wooded_promenade
D:10:     layout_cave_pools, marbit_many_paths, kennysheep_little_box,
          grunt_lair_entry_orc_guard_hut, hangedman_decor_riveting
D:11:     layout_loops_ring, kennysheep_generic_room_11, uniq_grum, uniq_harold
D:12:     layout_irregular_city, hiddenorc2_lemuel, gammafunk_ghost_split,
          serial_demonic, serial_demonic_c, serial_demonic_d, serial_demonic_e,
          serial_demonic_c, hangedman_corner_corridor, uniq_frances, uniq_sonja
D:13:     layout_basic, skrybe_vaults_entry_preservation, hive_lemuel
D:14:     layout_irregular_city, minmay_misc_feat_more_columns,
          nicolae_shop_dragon_depot
D:15:     grunt_enter_depths_hoard, layout_rooms, serial_shops, shop, shop,
          shop, nicolae_shop_hallway_stairs, minmay_tree_intersection
Lair:1:   layout_cave_pods, grunt_megastairs_1
Lair:2:   layout_loops_ring, minmay_shoals_entry_hut,
          hellmonk_spider_entry_not_the_bees, chequers_serial_rivers_large_a,
          lemuel_centaur_altar
Lair:3:   layout_small_grid, infiniplex_staircase_pool
Lair:4:   layout_regular_city, pdpol_lair_cabin_in_the_woods
Lair:5:   grunt_lair_end_beastmaster, layout_misc_corridors,
          minmay_slime_entry_oklob_enclosed, small_statue_intersection
Shoals:1: layout_shoals
Shoals:2: layout_shoals, uniq_louise, uniq_polyphemus, uniq_ilsuiw
Shoals:3: layout_shoals, ebering_ghost_reflecting_pool,
          nicolae_shop_overcharged_wands, uniq_bai_suzhen
Shoals:4: shoals_end_grunt_garden, layout_shoals, shoals_ilsuiw_ice
Spider:1: layout_spider_delve
Spider:2: layout_spider_delve, guppyfry_hornet_nest,
          hangedman_spider_tarantella_strand
Spider:3: layout_spider_delve, nicolae_spider_world_wide_web
Spider:4: johnstein_spider_rune_arachne_lair, nicolae_spider_scorpion_nest
Slime:1:  nicolae_slime_infinislime, layout_caves
Slime:2:  layout_caves
Slime:3:  layout_caves, nicolae_slime_crime_time
Slime:4:  layout_caves, basic_altar, nicolae_slime_getting_an_eyeful
Slime:5:  slime_pit_nicolae_trefoil
Orc:1:    layout_diamond_mine, serial_shops, shop
Orc:2:    st_orc_ogre_mass, layout_diamond_mine
Elf:1:    elf_arrival_001, layout_geoelf_diagonals,
          portal_desolation_entry_ruin, minmay_elf_necromancy,
          kilobyte_mutagenic_chamber
Elf:2:    elven_hall_of_blades_hangedman_alternative
          [nicolae_vaults_blade_armed_guards], layout_geoelf_grid
Elf:3:    nooodl_elf_gasket, layout_loops_corners, serial_shops, shop_statue,
          uniq_donald, uniq_norris
Vaults:1: v_misc_15, vaults_dpeg_encased_lava, nicolae_vaults_house_2,
          ontoclasm_vaults_ring_square, nicolae_vaults_frosty_reception,
          nicolae_vaults_windows_and_doors_thing, vaults_mumra_lcd,
          nicolae_vaults_sesquioval_fish, v_misc_13,
          nicolae_vaults_surprise_closet, layout_vaults_omnigrid, serial_shops,
          nicolae_shop_temple_entry_statues_fountains, uniq_asterion
Vaults:2: minmay_crypt_entry_simple_plaza, hangedman_vaults_cutoff,
          nicolae_vaults_wrenched, vaults_mumra_minichess_inversion,
          nicolae_vaults_security_offices_1, nicolae_vaults_network_barrier,
          nicolae_vaults_asterisk, v_misc_23, hangedman_vaults_snaps,
          vaults_room_fours, vaults_room_door_ring, nicolae_vaults_shelves_hall,
          v_misc_23, nicolae_vaults_trapezoid_lopsided_2,
          vaults_mumra_chevron_long, layout_vaults_omnibox
Vaults:3: nicolae_vaults_mini_display_case, nicolae_vaults_corpse_flower,
          nicolae_vaults_offset_grid_hallway_2, v_pattern_1,
          nicolae_vaults_trapezoid_4, nicolae_vaults_shelves_hall,
          nicolae_vaults_alarming, nicolae_vaults_rhombus_7, vaults_dpeg_ring,
          layout_vaults_chaotic_city, serial_shops, bzr_firewalk
Vaults:4: v_misc_17, serial_ice_m, v_misc_5, dpeg_vaults_monster_row,
          nicolae_vaults_two_Ls, nicolae_vaults_hexular_roomagon,
          ontoclasm_vaults_ring_small, hangedman_vaults_pinch,
          nicolae_vaults_diamond_1, v_misc_5, grunt_vaults_bifocal,
          vaults_dpeg_spiral, nicolae_vaults_an_arrangement,
          nicolae_vaults_asterisk, vaults_standard_mumra_x, layout_vaults_ring,
          uniq_frederick, uniq_margery
Vaults:5: serial_shops
Depths:1: layout_gridlike, hell_entry, minmay_shop_mass, lemuel_flamethrower_1
Depths:2: nicolae_hexawheel, layout_gridlike, enter_ziggurat_c,
          hangedman_abyss_entry_splay, pf_dread_powers_of_hell,
          rand_demon_pan_entry_7, nrook_mini_backslash,
          infiniplex_staircase_split_hallway, uniq_mara, uniq_vv
Depths:3: grunt_profane_halls [grunt_profane_temple_coc,
          grunt_profane_temple_dis, grunt_profane_temple_tar,
          grunt_profane_temple_geh, grunt_profane_loot], abyss_entry, hell_entry
Depths:4: evilmike_zot_entry_basic, layout_basic, mu_enter_wizlab_4,
          minmay_misc_feat_square, grunt_pan_entry_zigzag,
          grunt_hell_entry_dis_old, grunt_gozag_statues
Hell
Zig:23

Skill      XL: |  1  2  3  4  5  6  7  8  9 10 11 12 13 14 15 16 17 18 19 20 21 22 23 24 25 26 27 |
---------------+----------------------------------------------------------------------------------+-----
Fighting       | 4 5 6 7 8 9 11 12 13 14 15 16 17 18 19 20 21 22 23 24 25 27 | 27.0
Maces & Flails | 4 5 6 7 8 10 11 12 13 14 15 16 17 18 19 20 21 22 23 24 25 27 | 27.0
Armour         | 3 4 5 6 7 8 9 10 11 13 14 15 16 17 18 19 20 21 22 23 24 27 | 27.0
Dodging        | 3 4 5 6 7 8 9 11 12 13 14 15 16 17 18 19 20 21 22 23 25 | 25.6
Shields        | 1 4 5 7 9 10 11 13 14 15 16 17 18 19 20 21 22 23 26 | 26.1
Evocations     | 1 3 4 5 7 8 9 10 11 12 13 14 15 16 17 18 20 | 20.8

Action                     |  1- 3 |  4- 6 |  7- 9 | 10-12 | 13-15 | 16-18 | 19-21 | 22-24 | 25-27 || total
---------------------------+-------+-------+-------+-------+-------+-------+-------+-------+-------++-------
  Melee: Mace              |    42 |    25 |       |       |       |       |       |       |       ||    67
         Headbutt          |     9 |    31 |    52 |    96 |   189 |   279 |   384 |   645 |   826 ||  2511
         Whip              |       |   128 |   314 |   211 |       |       |       |       |       ||   653
         Punch             |       |     1 |     4 |       |       |       |       |       |       ||     5
         Shillelagh        |       |       |       |   301 |   868 |  1143 |  1441 |  2017 |  1284 ||  7054
         Eveningstar       |       |       |       |       |       |       |       |       |  1201 ||  1201
 Invoke: Berserk           |       |     3 |     4 |    10 |     7 |    14 |    12 |    17 |    18 ||    85
         Trog's Hand       |       |       |       |     6 |     9 |    10 |     8 |     8 |    24 ||    65
         Brothers in Arms  |       |       |       |       |       |     7 |     8 |     8 |    13 ||    36
  Evoke: Wand              |       |       |       |    12 |     7 |    27 |       |     7 |    19 ||    72
         Tin of tremorston |       |       |       |       |     1 |     5 |     2 |     6 |     6 ||    20
         Phantom mirror    |       |       |       |       |       |       |     1 |     1 |     1 ||     3
         Horn of Geryon    |       |       |       |       |       |       |       |       |     3 ||     3
    Use: Scroll            |       |       |       |    10 |    20 |    24 |    13 |    11 |    32 ||   110
         Potion            |       |       |       |       |     1 |     1 |     1 |     6 |    59 ||    68
   Stab: Petrified         |       |       |       |       |     7 |       |       |       |       ||     7
         Distracted        |       |       |       |       |       |       |     1 |       |     2 ||     3
         Invisible         |       |       |       |       |       |       |       |       |     2 ||     2
 Armour: Animal skin       |     7 |       |       |       |       |       |       |       |       ||     7
         Chain mail        |    20 |    56 |   131 |    18 |       |       |       |       |       ||   225
         Ring mail         |     4 |       |       |       |       |       |       |       |       ||     4
         Plate armour      |       |       |       |   217 |   344 |   134 |       |       |       ||   695
         Gold dragon scale |       |       |       |       |       |   663 |   506 |   858 |  1593 ||  3620
  Dodge: Dodged            |    34 |    60 |   133 |   158 |   209 |   333 |   291 |   548 |  1055 ||  2821
  Block: Other             |       |    23 |    36 |       |       |       |       |       |       ||    59
         Reflection        |       |       |     4 |    16 |    74 |    83 |   124 |    38 |   142 ||   481
         Buckler           |       |       |    50 |   235 |    17 |       |       |       |       ||   302
         Tower shield      |       |       |       |       |   889 |  1815 |   800 |       |       ||  3504
         Kite shield       |       |       |       |       |       |       |   610 |  1919 |  3731 ||  6260

Table legend: (Time is in decaauts)
 A = Elapsed time spent in this place.
 B = Non-inter-level travel time spent in this place.
 C = Inter-level travel time spent in this place.
 D = Time resting spent in this place.
 E = Time spent auto-exploring this place.
 F = Levels seen in this place.
 G = Mean time per level.
                   A        B        C        D        E       F      G
               +--------+--------+--------+--------+--------+-----+--------+
         Total |  87772 |  79307 |   8465 |  21221 |  38508 |  86 | 1020.6 |
       Dungeon |  19192 |  15011 |   4181 |   2245 |   9866 |  15 | 1279.5 |
          Lair |   6596 |   5311 |   1285 |    555 |   3662 |   5 | 1319.2 |
        Shoals |   5847 |   5547 |    300 |   1356 |   2912 |   4 | 1461.8 |
   Spider Nest |   5054 |   4730 |    324 |   1297 |   2363 |   4 | 1263.5 |
    Slime Pits |   4071 |   3961 |    110 |    798 |   1939 |   5 |  814.2 |
  Orcish Mines |   1344 |   1125 |    219 |     19 |    811 |   2 |  672.0 |
   Elven Halls |   6128 |   5873 |    255 |   1977 |   2553 |   3 | 2042.7 |
        Vaults |  11239 |  10065 |   1174 |   3010 |   4917 |   5 | 2247.8 |
        Depths |   8804 |   8216 |    588 |   3197 |   3244 |   4 | 2201.0 |
          Hell |   1306 |   1281 |     25 |    392 |    515 |   1 | 1306.0 |
         Abyss |    450 |    450 |      0 |      3 |    156 |   2 |  225.0 |
   Pandemonium |   7440 |   7440 |      0 |   1554 |   3522 |   8 |  930.0 |
      Ziggurat |   4648 |   4648 |      0 |   2986 |     48 |  23 |  202.1 |
        Bazaar |    157 |    157 |      0 |      0 |     57 |   1 |  157.0 |
         Sewer |    690 |    690 |      0 |      0 |    475 |   1 |  690.0 |
        Bailey |   1347 |   1347 |      0 |    617 |    388 |   1 | 1347.0 |
        Wizlab |   2079 |   2079 |      0 |    816 |    549 |   1 | 2079.0 |
    Desolation |   1371 |   1371 |      0 |    395 |    526 |   1 | 1371.0 |
               +--------+--------+--------+--------+--------+-----+--------+

Top non-repeatable levels by time:
Vaults:4: 3531 daAuts
   Elf:3: 2928 daAuts
Depths:3: 2878 daAuts
Depths:1: 2730 daAuts
Vaults:1: 2359 daAuts
    D:12: 2242 daAuts
Depths:2: 2175 daAuts
  WizLab: 2079 daAuts
   Elf:2: 2071 daAuts
Vaults:2: 2050 daAuts
    D:13: 1896 daAuts
     D:9: 1886 daAuts
Shoals:3: 1846 daAuts
Vaults:5: 1784 daAuts
Spider:3: 1610 daAuts
